 Dungeon Crawl Stone Soup version 0.24.0-35-gdb84b6a5db (webtiles) character file.

Game seed: 5273613134325299522, levelgen mode: deterministic

19 lilbarb the Sneak (level 2, 0/14 HPs)
             Began as a Spriggan Enchanter on Nov 17, 2019.
             Succumbed to a goblin's poison
             ... on level 1 of the Dungeon.
             The game lasted 00:03:53 (805 turns).

lilbarb the Sneak (Spriggan Enchanter)               Turns: 805, Time: 00:03:53

Health: 0/14       AC:  2    Str:  4    XL:     2   Next: 55%
Magic:  7/7        EV: 18    Int: 16    God:
Gold:   12         SH:  0    Dex: 16    Spells: 4/7 levels left

rFire    . . .     SeeInvis +   a - +1 dagger
rCold    . . .     Gourm    .   (shield restricted)
rNeg     . . .     Faith    .   c - +0 robe
rPois    .         Spirit   .   (helmet restricted)
rElec    .         Reflect  .   (no cloak)
rCorr    .         Harm     .   (gloves unavailable)
MR       .....                  (boots unavailable)
Stlth    +++.......             (no amulet)
HPRegen  0.04/turn              (no ring)
MPRegen  0.10/turn              (no ring)

@: lethally poisoned (0 -> -10), very quick
A: very small, unfitting armour, see invisible, herbivore, speed 3, slow
metabolism 2
a: no special abilities


You were on level 1 of the Dungeon.
You were not hungry.

You visited 1 branch of the dungeon, and saw 1 of its levels.

You collected 12 gold pieces.

Inventory:

Hand Weapons
 a - a +1 dagger (weapon)
 b - a cursed -3 spear
Missiles
 g - 5 poisoned darts (quivered)
Armour
 c - a +0 robe (worn)
Scrolls
 e - a scroll of identify
 f - a scroll of remove curse
Comestibles
 d - 5 rations


   Skills:
 - Level 1.0 Fighting
 - Level 1.1 Short Blades
 - Level 3.0 Dodging
 - Level 4.4 Stealth
 * Level 3.2 Spellcasting
 + Level 3.8 Hexes
 + Level 0.2 Ice Magic


You had 4 spell levels left.
You knew the following spells:

 Your Spells              Type           Power        Failure   Level  Hunger
a - Corona                Hex            ##.....      3%          1    None
b - Ensorcelled Hibernat  Hex/Ice        #.....       12%         2    ##.....

Your spell library contained the following spells:

 Spells                   Type           Power        Failure   Level  Hunger
 Confuse                  Hex            ##......     12%         3    ###....
 Tukima's Dance           Hex            ##......     12%         3    ###....
 Dazzling Spray           Conj/Hex       #.....       26%         3    ###....


Dungeon Overview and Level Annotations

Branches:
Dungeon (1/15)

Altars:
Nemelex Xobeh

Annotations:
D:1 exclusions: 2 jackals and kobold


Innate Abilities, Weirdness & Mutations

You are very small and have problems with some larger weapons.
You are too small for most types of armour.
You have supernaturally acute eyesight. (SInv)
You are a herbivore.
You cover ground extremely quickly.
You need to consume almost no food.


Message History

There is a lethal amount of poison in your body!
You feel sick.
* * * LOW HITPOINT WARNING * * *
You feel sick.
* * * LOW HITPOINT WARNING * * *
You feel sick.
A goblin opens the door.
* * * LOW HITPOINT WARNING * * *
You feel sick.
You are too injured to fight recklessly!
You are too injured to fight recklessly!
You hit the goblin.
The goblin is severely wounded.
The goblin barely misses you.
You barely miss the goblin.
The goblin is severely wounded.
* * * LOW HITPOINT WARNING * * *
You feel sick. The goblin hits you but does no damage.
You hit the goblin.
You kill the goblin!
You die...

...# #.###.##..##.###.#* #.##
#.........##.# ### ## #.#
#####.##.....# #. #.###
##.######'## #. ....## ####...#
##.>.## #. .....#
#).)...###.....## #. PP.).#
#..#...##.......## ##.
.P...######...####.........####..
.P..............@((........'.....
.P...######...####..(...g..####..
.P...# #.......###.......## ##.
.....# #.#.###.# ##.....## ##
.....# #.#.###.# ##...## # ....##
#.#...#.# ##'## # .P..# #.###.#.#
#.# # .P..# #.# #.#.# #.# # .P..#
#.###.#.######.## #


There were no monsters in sight!

Vanquished Creatures
  A dart slug (D:1)
  A leopard gecko (D:1)
  3 goblins (D:1)
  3 hobgoblins (D:1)
  A kobold (D:1)
  3 bats (D:1)
  A frilled lizard (D:1)
  2 rats (D:1)
15 creatures vanquished.

Notes
Turn   | Place    | Note
-------+----------+-------------------------------------------
     0 | D:1      | lilbarb the Spriggan Enchanter began the quest for the Orb.
     0 | D:1      | Reached XP level 1. HP: 9/9 MP: 5/5
   203 | D:1      | Found a sparkling altar of Nemelex Xobeh.
   324 | D:1      | Reached skill level 1 in Fighting
   411 | D:1      | Reached XP level 2. HP: 14/14 MP: 6/6
   419 | D:1      | Learned a level 2 spell: Ensorcelled Hibernation
   805 | D:1      | Succumbed to a goblin's poison

Levels and vault maps discovered:
D:1:      evilmike_arrival_home_sweet_home, layout_loops_corners,
          nemelex_xobeh_ov_fountains_minmay

Skill      XL: |  1  2 |
---------------+-------+-----
Fighting       | 1 |  1.0
Spellcasting   | 3 |  3.2
Short Blades   | |  1.1
Dodging        | |  3.0
Stealth        | |  4.4
Hexes          | |  3.8
Ice Magic      | |  0.2

Action                   || total
-------------------------++-------
Melee: Dagger            ||    20
Throw: Dart              ||     5
 Cast: Ensorcelled Hiber ||     1
  Use: Scroll            ||     3
 Stab: Sleeping          ||     9
Armor: Robe              ||     2
Dodge: Dodged            ||    12
